 Dungeon Crawl Stone Soup version 0.26-a0-784-g51bffae0b1 (webtiles) character file.

Game seed: 11582830124637676232

19 Descartes the Sneak (level 2, -3/14 HPs)
             Began as a Felid Monk on Nov 10, 2020.
             Killed from afar by a white imp (6 damage)
             ... with a puff of frost
             ... on level 2 of the Dungeon.
             The game lasted 00:02:25 (826 turns).

Descartes the Sneak (Felid Monk)                     Turns: 826, Time: 00:02:26

Health: -3/14      AC:  1    Str:  7    XL:     2   Next: 55%
Magic:  3/3        EV: 34    Int: 11    God:
Gold:   67         SH:  0    Dex: 18    Spells: 1/1 levels left
                                        Lives:  0   Deaths: 0

rFire    . . .     SeeInvis +     - Unarmed
rCold    . . .     Faith    .   (shield unavailable)
rNeg     . . .     Spirit   .   (armour unavailable)
rPois    .         Reflect  .   (helmet unavailable)
rElec    .         Harm     .   (cloak unavailable)
rCorr    +         Rampage  .   (gloves unavailable)
MR       .....                  (boots unavailable)
Stlth    ++........             h - amulet of the acrobat
HPRegen  0.04/turn              k - ring of resist corrosion
MPRegen  0.08/turn              n - ring of attention (curse)

@: acrobat, lightly drained, quick
A: very small, no armour, no weapons or thrown items, stealth, claws 1, fangs 3,
see invisible, speed 1, shaggy fur 1, sharp paws
a: no special abilities


You were on level 2 of the Dungeon.
You visited 1 branch of the dungeon, and saw 2 of its levels.

You collected 67 gold pieces.

Inventory:

Missiles
 e - 96 stones
 f - 30 arrows
Jewellery
 d - an uncursed ring of positive energy
 h - an amulet of the acrobat (around neck)
 i - an uncursed ring of wizardry
 k - a ring of resist corrosion (left paw)
 n - a cursed ring of attention (right paw)
Potions
 b - 3 potions of attraction
 g - a potion of degeneration
 l - a potion of flight {unknown}
 m - a potion of cancellation {unknown}


   Skills:
 - Level 3.0(2.8) Fighting
 - Level 4.0(3.9) Dodging
 + Level 4.6(4.4) Stealth
 - Level 3.0(2.8) Unarmed Combat


You had one spell level left.
You didn't know any spells.
Your spell library was empty.

Dungeon Overview and Level Annotations

Branches:
Dungeon (2/15)

Altars:


Innate Abilities, Weirdness & Mutations

You cannot wear armour.
You are incapable of wielding weapons or throwing items.
Your paws allow you to move quietly. (Stealth)
You have sharp claws.
You have razor-sharp teeth.
You have supernaturally acute eyesight. (SInv)
You cover ground quickly.
You are covered in fur. (AC +1)
Your sharp claws are effective at attacking unaware monsters.


Message History

The white imp is lightly wounded.
A rat comes into view.
The white imp gestures at you. The puff of frost hits you.
* * * LOW HITPOINT WARNING * * *
You are too injured to fight recklessly!
You are too injured to fight recklessly!
You are too injured to fight recklessly!
You are too injured to fight recklessly!
You are too injured to fight recklessly!
You are too injured to fight recklessly!
You are too injured to fight recklessly!
You are too injured to fight recklessly!
You are too injured to fight recklessly!
You are too injured to fight recklessly!
You are too injured to fight recklessly!
There is an open door here.
The white imp gestures at you. The puff of frost hits you.
You die...

*#### ***,,,,+,
#######...##***,+,,,,*,
#^.........#,,,,*,,,,*,
#.......>...,,,,,,,,,,,
#...........,,,,,,,,,,,
#.........r.,**********
**#.........,,,,,,,,,,,
########5########***********
#..........@..<# *,,,,,,,,
#..............# *,*******
#...†..........# *,*
#..............# *,*
#..)...........# *,*
#..............# *,*
#..............# *,*
########+#####.# *,* *,* *.#
*,*


You could see a white imp.

Vanquished Creatures
  A dart slug (D:1)
  A leopard gecko (D:1)
  A giant cockroach (D:1)
  3 goblins (D:1)
  2 hobgoblins (D:1)
  6 bats
  2 kobolds
16 creatures vanquished.

Notes
Turn   | Place    | Note
-------+----------+-------------------------------------------
     0 | D:1      | Descartes the Felid Monk began the quest for the Orb.
     0 | D:1      | Reached XP level 1. HP: 10/10 MP: 2/2
   252 | D:1      | Reached XP level 2. HP: 14/14 MP: 3/3
   826 | D:2      | Killed from afar by a white imp

Illustrated notes

Levels and vault maps discovered:
D:1:      dpeg_arrival_houses_and_road, layout_basic
D:2:      cheibrodos_greedy_goblins, layout_basic

Skill      XL: |  1 |
---------------+----+-----
Stealth        | 4 |  4.6
Fighting       | |  3.0
Dodging        | |  4.0
Unarmed Combat | |  3.0

Action                   || total
-------------------------++-------
Melee: Unarmed           ||    35
       Bite              ||     4
       Punch             ||     1
  Use: Scroll            ||     4
 Stab: Sleeping          ||     6
Armor: Skin              ||     1
Dodge: Dodged            ||    23

Table legend: (Time is in decaauts)
 A = Elapsed time spent in this place.
 B = Non-inter-level travel time spent in this place.
 C = Inter-level travel time spent in this place.
 D = Time resting spent in this place.
 E = Time spent auto-exploring this place.
 F = Levels seen in this place.
 G = Mean time per level.
                   A        B        C        D        E       F      G
               +--------+--------+--------+--------+--------+-----+--------+
         Total |    702 |    685 |     17 |      0 |    574 |   2 |  351.0 |
       Dungeon |    702 |    685 |     17 |      0 |    574 |   2 |  351.0 |
               +--------+--------+--------+--------+--------+-----+--------+

Top non-repeatable levels by time:
     D:1: 666 daAuts
     D:2: 35 daAuts
